 Dungeon Crawl Stone Soup version 0.31-a0-202-g547052bce9 (webtiles) character file.

Game seed: 5201276172220504476

130 qw the Skirmisher (level 4, 0/25 HPs)
             Began as a Deep Elf Hunter on June 26, 2023.
             Slain by an orc
             ... wielding a +0 flail
              (5 damage)
             ... on level 2 of the Dungeon.
             The game lasted 00:00:31 (1405 turns).

qw the Skirmisher (Deep Elf Hunter)                 Turns: 1405, Time: 00:00:32

Health: 0/25       AC:  4    Str: 10    XL:     4   Next: 90%
Magic:  6/6        EV: 12    Int: 14    God:
Gold:   24         SH:  0    Dex: 18    Spells: 3/3 levels left

rFire   . . .        Y - +0 shortbow
rCold   . . .        (shield currently unavailable)
rNeg    . . .        c - +0 leather armour
rPois   .            (no helmet)
rElec   .            g - +0 cloak
rCorr   .            (no gloves)
SInv    .            (no boots)
Will    .....        (no amulet)
Stlth   ++           (no ring)
HPRegen 0.24/turn    (no ring)
MPRegen 0.10/turn

%: no passive effects
@: no status effects
A: no striking features
a: no special abilities


You were on level 2 of the Dungeon.
You visited 1 branch of the dungeon, and saw 2 of its levels.

You collected 24 gold pieces.


   Skills:
 - Level 1.5 Fighting
 + Level 8.3 Ranged Weapons
 - Level 2.4 Dodging
 - Level 1.2 Stealth


You had 3 spell levels left.
You didn't know any spells.
Your spell library was empty.

Inventory:

Hand Weapons
 Y - a +0 shortbow (weapon)
Armour
 c - a +0 leather armour (worn)
 g - a +0 cloak (worn)
Scrolls
 b - a scroll of poison {unknown}
Potions
 a - 3 potions of curing {unknown}
 e - a potion of magic {unknown}
 f - a potion of mutation {unknown}

Dungeon Overview and Level Annotations

Branches:
Dungeon (2/15)

Altars:

Shops:
D:2 ?


Message History

The orc hits you with a +0 flail.
You shoot an arrow. The arrow barely misses the orc priest.
The orc barely misses you.
The orc priest hits you with a +0 hand axe.
The orc misses you.
1398 ||| DRINKING 2 potions of heal wounds.
You feel much better. The orc hits you with a +0 flail.
The orc priest invokes the aid of Beogh against you.
Pain shoots through your body! The orc barely misses you.
You shoot an arrow. The arrow hits the orc priest.
The orc priest is heavily wounded.
The orc closely misses you.
The orc priest hits you with a +0 hand axe.
The orc hits you with a +0 flail.
1400 ||| DRINKING potion of heal wounds.
You feel much better. The orc hits you with a +0 flail.
The orc priest hits you with a +0 hand axe.
The orc hits you with a +0 flail.
You shoot an arrow.
The arrow closely misses the orc priest.
The orc hits you with a +0 flail! The orc priest barely misses you.
The orc hits you with a +0 flail!
You shoot an arrow. The arrow hits the orc priest.
The orc priest is severely wounded.
The orc hits you with a +0 flail. The orc priest misses you.
The orc barely misses you.
You shoot an arrow.
The arrow closely misses the orc priest.
The orc completely misses you. The orc priest barely misses you.
The orc hits you but does no damage.
You shoot an arrow. The arrow hits the orc priest.
The orc priest is almost dead.
The orc barely misses you.
The orc priest casts a cantrip, but nothing happens.
The orc barely misses you.
You shoot an arrow. The arrow barely misses the orc priest.
The orc hits you with a +0 flail.
You die...

########......##.# #...#.####.#
.......'......+..# #####......#
########......##############...
.......#..................#..#
######..........#########..#.#
#.#............. ##.#.#
.#######.....#.). #.#.#
......##..o...... #.#.# #######
#.......@o...... #.... #.....#
#.##.###[o...... #.### #.###.#
# #....#... #.# #.# #.#
......... #.# #.# #.# ##..####
..# #.# ... #####.# .###
......# .# #########.


You could see an orc priest and 2 orcs.

Vanquished Creatures
  A scorpion (D:2)
  2 gnolls (D:1)
  An adder (D:2)
  A worm (D:2)
  2 dart slugs (D:1)
  2 orcs (D:2)
  2 endoplasms (D:2)
  2 goblins
  4 jackals (D:1)
  4 kobolds
  A quokka (D:1)
  4 ball pythons
  5 bats (D:1)
  2 frilled lizards
  4 rats
37 creatures vanquished.

Notes
Turn   | Place    | Note
-------+----------+-------------------------------------------
     0 | D:1      | qw the Deep Elf Hunter began the quest for the Orb.
     0 | D:1      | Reached XP level 1. HP: 12/12 MP: 3/3
     0 | D:1      | 0 ||| qw: Version: 0.3-a-22-g0ed2b0b
     0 | D:1      | 0 ||| qw: Game counter: 6349
     0 | D:1      | 0 ||| qw: Melee chars always use a shield: true
     0 | D:1      | 0 ||| qw: God list: Okawaru
     0 | D:1      | 0 ||| qw: Allow faded altars: false
     0 | D:1      | 0 ||| qw: Do Orc after clearing Dungeon:15 true
     0 | D:1      | 0 ||| qw: Do second Lair branch before Depths: true
     0 | D:1      | 0 ||| qw: Lair rune preference: random
     0 | D:1      | 0 ||| qw: Goals: Normal
     0 | D:1      | 0 ||| PLANNING D:1-11
    21 | D:1      | 21 ||| FLEEEEING.
   132 | D:1      | 132 ||| FLEEEEING.
   133 | D:1      | 133 ||| FLEEEEING.
   137 | D:1      | Reached skill level 6 in Ranged Weapons
   137 | D:1      | Reached XP level 2. HP: 15/16 MP: 4/4
   277 | D:1      | Reached XP level 3. HP: 20/20 MP: 5/5
   426 | D:1      | Reached skill level 7 in Ranged Weapons
   897 | D:1      | 897 ||| UPGRADING to +0 cloak.
   902 | D:1      | 902 ||| READING scroll labelled NIHYAS COESIDE.
   903 | D:1      | 903 ||| DRINKING 3 fizzy coppery potions.
   904 | D:1      | 904 ||| DROPPING scroll of butterflies.
  1125 | D:2      | Noticed a scorpion
  1133 | D:2      | Killed a scorpion
  1134 | D:2      | Reached skill level 8 in Ranged Weapons
  1134 | D:2      | Reached XP level 4. HP: 13/25 MP: 6/6
  1228 | D:2      | Found Menowiqa's Magic Scroll Shop.
  1236 | D:2      | 1236 ||| SHOPLISTING scroll of enchant armour (97 gold,
                  | have 17).
  1236 | D:2      | 1236 ||| SHOPLISTING scroll of identify (26 gold, have 17).
  1397 | D:2      | HP: 5/25 [orc priest/+0 hand axe (4)]
  1398 | D:2      | 1398 ||| DRINKING 2 potions of heal wounds.
  1400 | D:2      | 1400 ||| DRINKING potion of heal wounds.
  1402 | D:2      | HP: 4/25 [orc/+0 flail (2)]
  1405 | D:2      | Slain by an orc

Levels and vault maps discovered:
D:1:      heliophobic_arrival_henge, layout_basic
D:2:      cheibrodos_pilgrimage, layout_basic, serial_shops, shop

Skill      XL: |  1  2  3 |
---------------+----------+-----
Ranged Weapons | 6 8 |  8.3
Fighting       | |  1.5
Dodging        | |  2.4
Stealth        | |  1.2

Action                     |  1- 3 |  4- 6 || total
---------------------------+-------+-------++-------
   Fire: Shortbow          |   100 |    20 ||   120
    Use: Potion            |     1 |     2 ||     3
         Scroll            |     1 |       ||     1
 Armour: Leather armour    |     8 |     1 ||     9
  Dodge: Dodged            |    20 |    13 ||    33

Table legend:
 A = Non-vault XP
 B = Vault XP
 C = Vault XP percentage of total XP
 D = Non-vault monster count
 E = Vault monster count
 F = Vault count percentage of total count
                 A         B        C        D         E       F
            +---------+---------+-------+---------+---------+-------
      Total |     181 |       6 |   3.2 |      35 |       2 |   5.4
            +---------+---------+-------+---------+---------+-------
        D:1 |      65 |       0 |   0.0 |      23 |       0 |   0.0
        D:2 |     116 |       6 |   4.9 |      12 |       2 |  14.3
            +---------+---------+-------+---------+---------+-------
